AoeStats
← Viper

Lombardia

508323542Analyzed
2v2 RM · 11d ago on Sep 21, 2026· 47m 30s· 4 players
Game mode
Random Map
Map size
Medium (4 player)
Population
200
Speed
Normal
Resources
Standard
Victory
Conquest
Starting age
Dark Age
Ending age
Imperial Age
RankedLock teamsTeams togetherTeam positionsShared explorationLock speedFull tech treeHidden civsTurbo modeCheats
Victory
Defeat
🇫🇷 Wei · France
1069
+14
🇦🇷 Poles · Argentina
1041
+15
🇦🇷 Armenians · Argentina
1032
-14
🇦🇷 Turks · Argentina
1031
-15
El_Rogeleitor
10:57 Feudal Age
12:54 Wheelbarrow
12:04 Loom
12:05 Horse Collar
12:10 Double-Bit Axe
19:11 Forging
19:06 Scale Barding Armor
20:46 Gold Mining
24:14 Castle Age
23:46 Stone Mining
24:30 Bloodlines
25:33 Iron Casting
25:19 Chain Barding Armor
25:01 Husbandry
25:20 Heavy Plow
25:32 Bow Saw
30:30 Wheelbarrow
32:40 Devotion
33:17 Hand Cart
32:54 Town Watch
34:32 Fletching
36:06 Light Cavalry
39:38 Imperial Age
38:02 Ballistics
39:31 Szlachta Privileges
42:49 Siege Engineers
46:02 Conscription
45:08 Cavalier
48:12 Chemistry
Jackou75
8:23 Loom
10:27 Feudal Age
11:49 Double-Bit Axe
22:45 Castle Age
21:39 Scale Barding Armor
22:34 Bloodlines
26:29 Horse Collar
29:05 Chain Barding Armor
29:38 Forging
29:21 Fletching
30:27 Bodkin Arrow
33:07 Husbandry
36:34 Imperial Age
36:49 Bow Saw
36:41 Heavy Plow
37:07 Heavy Hei Guang Cavalry
38:17 Parthian Tactics
38:47 Bracer
40:02 Wheelbarrow
40:51 Gold Mining
41:38 Ballistics
41:14 Murder Holes
41:42 Conscription
43:19 Ming Guang Armor
44:32 Forging
46:44 Iron Casting
Viper
7:31 Loom
9:43 Feudal Age
13:18 Bloodlines
14:48 Scale Barding Armor
23:16 Castle Age
24:09 Husbandry
27:18 Double-Bit Axe
27:16 Horse Collar
32:41 Town Watch
37:13 Gold Mining
37:16 Stone Mining
37:39 Bow Saw
38:42 Wheelbarrow
Snake
3:16 Loom
10:32 Feudal Age
17:04 Castle Age
15:05 Double-Bit Axe
15:17 Man-at-Arms
17:17 Horse Collar
18:24 Gambesons
19:58 Squires
20:54 Long Swordsman
23:47 Scale Mail Armor
24:53 Bow Saw
26:39 Wheelbarrow
27:31 Forging
28:22 Town Watch
28:05 Two-Handed Swordsman
28:38 Fletching
32:21 Gold Mining
33:52 Hand Cart
39:04 Imperial Age
37:04 Heavy Plow
37:26 Stone Mining
37:13 Pikeman
39:16 Murder Holes
38:56 Champion
40:14 Iron Casting
39:56 Chain Mail Armor
39:36 Bodkin Arrow
40:35 Capped Ram
42:32 Masonry
43:39 Blast Furnace
45:02 Halberdier
46:06 Redemption
Connection lost

Rejoining the realm…

Still unreachable

The connection could not be restored.

Session expired

The server has moved on; the page needs a fresh start.